 Dungeon Crawl Stone Soup version 0.27-a0-1193-g8631133539 (webtiles) character file.

Game seed: 6187190826199437221

1148 agentchuck the Slasher (level 8, -3/53 HPs)
             Began as a Tengu Fighter on May 25, 2021.
             Was an Initiate of Gozag.
             Killed from afar by a steam dragon (15 damage)
             ... with a ball of steam
             ... on level 6 of the Dungeon.
             The game lasted 00:12:55 (7245 turns).

agentchuck the Slasher (Tengu Fighter)              Turns: 7245, Time: 00:12:55

Health: -3/53      AC:  8    Str: 20    XL:     8   Next: 38%
Magic:  9/9        EV:  9    Int:  8    God:    Gozag
Gold:   625        SH:  9    Dex: 13    Spells: 7/7 levels left

rFire    . . .     SeeInvis +   t - +2 short sword (elec)
rCold    + . .     Faith    .   c - +0 kite shield
rNeg     . . .     Spirit   .   m - +3 ring mail {rC+}
rPois    .         Reflect  .   (helmet restricted)
rElec    .         Harm     .   (no cloak)
rCorr    .         Rampage  .   (no gloves)
Will     .....                  (boots unavailable)
Stlth    +.........             (no amulet)
HPRegen  0.17/turn              v - ring of see invisible
MPRegen  0.11/turn              (no ring)

@: mighty, flying quickly and evasively, quick
A: beak, talons 3, nimble flight
a: Renounce Religion, Potion Petition, Call Merchant, Bribe Branch


You were on level 6 of the Dungeon.
You worshipped Gozag.
Gozag was pleased with you.
You visited 1 branch of the dungeon, and saw 6 of its levels.

You collected 625 gold pieces.


Innate Abilities, Weirdness & Mutations

You have a beak for a mouth.
You have claws for feet.
Your magical nature lets you fly swiftly and evasively.


   Skills:
 * Level 7.0 Fighting
 * Level 7.2 Long Blades
 + Level 1.6 Throwing
 - Level 3.7 Armour
 + Level 3.8 Shields


You had 7 spell levels left.
You didn't know any spells.
Your spell library was empty.

Inventory:

Hand Weapons
 a - a +0 long sword
 t - a +2 short sword of electrocution (weapon)
 u - a +1 dagger of venom
Missiles
 i - 171 stones (quivered)
 o - 12 boomerangs
 p - 11 poisoned darts
Armour
 b - a +0 scale mail
 c - a +0 kite shield (worn)
 m - a +3 ring mail of cold resistance (worn)
Jewellery
 v - a ring of see invisible (left hand)
 F - a ring of fire
Scrolls
 e - a scroll of summoning {unknown}
 g - a scroll of enchant armour {unknown}
 h - a scroll of holy word {unknown}
 l - 2 scrolls of teleportation {@r4}
 q - 2 scrolls of magic mapping
 x - 3 scrolls of identify {@r1}
Potions
 f - 2 potions of flight {unknown}
 j - a potion of heal wounds {unknown}
 k - a potion of attraction {unknown}
 n - 2 potions of curing {unknown}
 r - a potion of resistance {unknown}
 s - a potion of degeneration {unknown}
 w - a potion of lignification {unknown}

Dungeon Overview and Level Annotations

Branches:
Dungeon (6/15)
 Temple: D:4-7

Altars:
Cheibriados
Gozag

Annotations:
D:4 Grinder

........
#.#.........#
........
#.#.........#
.........
#.#.........#
..........
#.#.........#
........
..#+#####...###
######+#
.........##.#
........§##.#
#.....§§##..
#/....@.#####
#......D#
##+####...
#....< #......#
#......#
#......#
#......#


You could see a steam dragon (catching breath).


Message History

The scorpion stings you.
You hit the scorpion. Lightning courses through the scorpion!
You kill the scorpion!
You now have 625 gold pieces (gained 4).
You start resting.
A steam dragon comes into view.
The steam dragon hisses angrily.
The steam dragon bites you. You block the steam dragon's attack.
You hit the steam dragon but do no damage.
Your peck misses the steam dragon. The steam dragon bites you.
The steam dragon claws you.
You closely miss the steam dragon. Your kick misses the steam dragon.
The steam dragon breathes steam at you. The ball of steam hits you!!
* * * LOW HITPOINT WARNING * * *
The steam dragon bites you but does no damage.
You block the steam dragon's attack.
Found an escape hatch in the ceiling.
You barely miss the steam dragon. The steam dragon closely misses you. x2
You feel very mighty all of a sudden. The steam dragon barely misses you.
You block the steam dragon's attack.
Unknown command.
You puncture the steam dragon!
Lightning courses through the steam dragon!
You claw the steam dragon.
The steam dragon is almost dead.
The steam dragon breathes steam at you. The ball of steam hits you!
You die...
Your body crumbles into a pile of gold.

Skill      XL: |  1  2  3  4  5  6  7  8 |
---------------+-------------------------+-----
Long Blades    | 3 4 5 6 7 |  7.2
Fighting       | 4 5 6 7 |  7.0
Throwing       | 1 |  1.6
Armour         | |  3.7
Shields        | |  3.8

Action                   |  1- 3 |  4- 6 |  7- 9 || total
-------------------------+-------+-------+-------++-------
Melee: Long sword        |    57 |   130 |    60 ||   247
       Kick              |    13 |    55 |    34 ||   102
       Peck              |    11 |    29 |     9 ||    49
       Short sword       |       |       |    15 ||    15
Throw: Stone             |       |     3 |     1 ||     4
       Boomerang         |       |    23 |       ||    23
       Throwing net      |       |     2 |       ||     2
       Dart              |       |       |    13 ||    13
  Use: Scroll            |       |       |     2 ||     2
       Potion            |       |       |     1 ||     1
 Stab: Held in net/web   |       |     1 |       ||     1
Armor: Scale mail        |    30 |    34 |       ||    64
       Ring mail         |       |     4 |    39 ||    43
Dodge: Dodged            |    18 |    42 |    24 ||    84
Block: Kite shield       |    29 |    77 |    37 ||   143
       Rpst.: Long sword |     6 |    14 |     7 ||    27

Levels and vault maps discovered:
D:1:      ebering_trefoil_twist, layout_basic,
          hellmonk_ecumenical_altar_inner_sanctum, hex_tiny,
          minmay_misc_feat_columns
D:2:      layout_basic, serial_bayou_pond_c
D:3:      layout_rooms
D:4:      minmay_chambers_of_fours, layout_cave_pods,
          nicolae_dithmenos_the_darkroom, minmay_temple_entry_enclosed_plants,
          uniq_grinder, uniq_duvessa, uniq_ijyb
D:5:      layout_loops_ring, lemuel_crystal_altar
D:6:      layout_basic, chequers_temple_overflow_statue_of_worship

Notes
Turn   | Place    | Note
-------+----------+-------------------------------------------
     0 | D:1      | agentchuck the Tengu Fighter began the quest for the Orb.
     0 | D:1      | Reached XP level 1. HP: 14/14 MP: 2/2
   269 | D:1      | Reached XP level 2. HP: 19/19 MP: 3/3
   782 | D:1      | Found a faded altar of an unknown god.
   987 | D:1      | Became a worshipper of Gozag Ym Sagoz the Greedy
  1455 | D:2      | Reached skill level 3 in Long Blades
  1455 | D:2      | Reached XP level 3. HP: 15/23 MP: 4/4
  1859 | D:2      | Reached skill level 4 in Fighting
  1859 | D:2      | Reached XP level 4. HP: 29/29 MP: 5/5
  2379 | D:3      | Reached skill level 4 in Long Blades
  2811 | D:3      | Noticed a phantom
  2983 | D:3      | Gained mutation: Your magical nature lets you fly swiftly
                  | and evasively. [Tengu growth]
  2983 | D:3      | Reached XP level 5. HP: 34/34 MP: 6/6
  3315 | D:3      | Killed a phantom
  3316 | D:3      | Reached skill level 5 in Fighting
  3423 | D:4      | Noticed a steam dragon
  3563 | D:4      | Noticed Duvessa
  4403 | D:3      | Reached skill level 5 in Long Blades
  4403 | D:3      | Reached XP level 6. HP: 11/40 MP: 7/7
  4800 | D:4      | Noticed Dowan
  4837 | D:4      | Killed Dowan
  5063 | D:3      | Killed Duvessa
  5237 | D:4      | Noticed Grinder
  5326 | D:5      | Entered Level 5 of the Dungeon
  5331 | D:5      | Noticed a black bear
  5352 | D:5      | Reached XP level 7. HP: 45/45 MP: 8/8
  5432 | D:3      | Reached skill level 6 in Fighting
  5432 | D:3      | Reached skill level 6 in Long Blades
  5642 | D:5      | Found a snail-covered altar of Cheibriados.
  6665 | D:6      | Reached XP level 8. HP: 45/52 MP: 9/9
  6765 | D:6      | Reached skill level 1 in Throwing
  7084 | D:6      | Reached skill level 7 in Long Blades
  7140 | D:6      | Reached skill level 7 in Fighting
  7245 | D:6      | Killed from afar by a steam dragon

Vanquished Creatures
  Duvessa (D:3)
  A black bear (D:3)
  A centaur (D:6)
  2 phantoms
  A kobold brigand (D:6)
  A bullfrog (D:6)
  A water moccasin zombie (D:5)
  2 scorpions
  Dowan (D:4)
  2 water moccasin skeletons (D:5)
  A hound (D:3)
  A jelly (D:5)
  A bullfrog skeleton (D:3)
  An iguana (D:5)
  2 orc wizards
  4 adders (D:2)
  A white imp (D:6)
  An ufetubus (D:5)
  An adder skeleton (D:3)
  A dart slug (D:2)
  7 orcs
  4 ball pythons
  5 endoplasms
  2 giant cockroaches (D:3)
  5 hobgoblins
  10 kobolds
  4 quokkas
  4 bats
  3 frilled lizards
  A goblin (D:1)
  4 rats (D:1)
76 creatures vanquished.

Vanquished Creatures (others)
  An orc (D:4)
1 creature vanquished.

Grand Total: 77 creatures vanquished

Table legend: (Time is in decaauts)
 A = Elapsed time spent in this place.
 B = Non-inter-level travel time spent in this place.
 C = Inter-level travel time spent in this place.
 D = Time resting spent in this place.
 E = Time spent auto-exploring this place.
 F = Levels seen in this place.
 G = Mean time per level.
                   A        B        C        D        E       F      G
               +--------+--------+--------+--------+--------+-----+--------+
         Total |   7217 |   6788 |    429 |   2860 |   2421 |   6 | 1202.8 |
       Dungeon |   7217 |   6788 |    429 |   2860 |   2421 |   6 | 1202.8 |
               +--------+--------+--------+--------+--------+-----+--------+

Top non-repeatable levels by time:
     D:3: 2849 daAuts
     D:5: 1293 daAuts
     D:2: 1239 daAuts
     D:1: 1139 daAuts
     D:6: 364 daAuts
     D:4: 331 daAuts

Table legend:
 A = Non-vault XP
 B = Vault XP
 C = Vault XP percentage of total XP
 D = Non-vault monster count
 E = Vault monster count
 F = Vault count percentage of total count
                 A         B        C        D         E       F
            +---------+---------+-------+---------+---------+-------
      Total |    1422 |     219 |  13.3 |      74 |       2 |   2.6
            +---------+---------+-------+---------+---------+-------
        D:1 |      20 |       0 |   0.0 |      14 |       0 |   0.0
        D:2 |      75 |       0 |   0.0 |      16 |       0 |   0.0
        D:3 |     388 |     147 |  27.5 |      23 |       1 |   4.2
        D:4 |      37 |      72 |  66.1 |       3 |       1 |  25.0
        D:5 |     389 |       0 |   0.0 |       8 |       0 |   0.0
        D:6 |     513 |       0 |   0.0 |      10 |       0 |   0.0
            +---------+---------+-------+---------+---------+-------
